 Dungeon Crawl Stone Soup version 0.31.0-11-ge490571c62 (webtiles) character file.

Game seed: 17502964668625884022

149 qw the Skirmisher (level 5, -1/29 HPs)
             Began as a Deep Elf Hunter on Feb 4, 2024.
             Slain by a kobold brigand
             ... wielding a +0 dagger
              (2 damage)
             ... on level 4 of the Dungeon.
             The game lasted 00:01:21 (2858 turns).

qw the Skirmisher (Deep Elf Hunter)                 Turns: 2858, Time: 00:01:21

Health: -1/29      AC:  4    Str: 16    XL:     5   Next: 9%
Magic:  7/7        EV: 12    Int: 14    God:
Gold:   74         SH:  0    Dex: 18    Spells: 4/4 levels left

rFire   . . .        a - +0 shortbow
rCold   . . .        (shield currently unavailable)
rNeg    . . .        c - +0 leather armour
rPois   .            b - +0 helmet
rElec   .            (no cloak)
rCorr   .            (no gloves)
SInv    .            (no boots)
Will    .....        (no amulet)
Stlth   ++           g - +6 ring of strength
HPRegen 0.24/turn    (no ring)
MPRegen 0.10/turn

%: no passive effects
@: about to teleport
A: no striking features
a: no special abilities


You were on level 4 of the Dungeon.
You visited 1 branch of the dungeon, and saw 4 of its levels.

You collected 123 gold pieces.
You spent 49 gold pieces at shops.


   Skills:
 - Level 1.5 Fighting
 - Level 8.4 Ranged Weapons
 + Level 2.5 Dodging
 - Level 1.2 Stealth


You had 4 spell levels left.
You didn't know any spells.
Your spell library was empty.

Inventory:

Hand Weapons
 a - a +0 shortbow (weapon)
Armour
 b - a +0 helmet (worn)
 c - a +0 leather armour (worn)
Jewellery
 g - a +6 ring of strength (left hand)
 l - a ring of positive energy
Wands
 h - a wand of light (7)
 j - a wand of polymorph (12)
Potions
 d - a potion of heal wounds
 f - 4 potions of curing
 i - a potion of degeneration {unknown}
 k - a potion of brilliance {unknown}

Dungeon Overview and Level Annotations

Branches:
Dungeon (4/15)
 Temple: D:4-7

Altars:
Kikubaaqudgha
Zin

Shops:
D:3 *


Message History

You shoot an arrow. The rat squeaks loudly.
The arrow hits the kobold brigand but does no damage.
The kobold brigand is moderately wounded.
You hear an angry hiss.
The kobold brigand hits you with a +0 dagger.
You shoot an arrow.
The arrow barely misses the kobold brigand.
The arrow hits the plant!
The plant is lightly damaged.
A nearby plant withers and dies.
The kobold brigand misses you.
You shoot an arrow. The arrow hits the kobold brigand.
The kobold brigand is heavily wounded.
The kobold brigand closely misses you.
You shoot an arrow. The arrow hits the kobold brigand!
The kobold brigand is almost dead.
The kobold brigand hits you but does no damage.
You shoot an arrow.
The arrow closely misses the kobold brigand.
The kobold brigand closely misses you.
You shoot an arrow.
The arrow hits the kobold brigand but does no damage.
The kobold brigand is almost dead.
The kobold brigand barely misses you.
The rat completely misses something.
You shoot an arrow.
The arrow barely misses the kobold brigand.
The kobold brigand barely misses you.
The rat bites something.
You shoot an arrow.
The arrow barely misses the kobold brigand.
The kobold brigand hits you with a +0 dagger.
The rat bites something.
You shoot an arrow.
The arrow closely misses the kobold brigand.
The kobold brigand hits you with a +0 dagger!
The rat bites something.
2858 ||| READING scroll of teleportation.
As you read the scroll of teleportation, it crumbles to dust.
You feel strangely unstable.
The kobold brigand hits you with a +0 dagger.
You die... ######### #.@.....######### #K#####.........# P.r

#?........#
7P..%
#.........#
7P..)
#.........###
7.%.)
#............
7~..ยค
########.....
#.... #.....
#.....


You could see a kobold brigand and a rat.

Vanquished Creatures
  A bombardier beetle (D:3)
  3 adders
  2 ribbon worms (D:2)
  A dart slug (D:1)
  4 bats
  10 endoplasms
  3 giant cockroaches
  6 goblins
  9 hobgoblins
  8 jackals
  11 kobolds
  3 quokkas
  4 ball pythons
  4 frilled lizards
  6 rats
75 creatures vanquished.

Notes
Turn   | Place    | Note
-------+----------+-------------------------------------------
     0 | D:1      | qw the Deep Elf Hunter began the quest for the Orb.
     0 | D:1      | Reached XP level 1. HP: 12/12 MP: 3/3
     0 | D:1      | 0 ||| qw: Version: 0.3-a-160-g6735b56
     0 | D:1      | 0 ||| qw: Game counter: 5951
     0 | D:1      | 0 ||| qw: Melee chars always use a shield: true
     0 | D:1      | 0 ||| qw: God list: Okawaru
     0 | D:1      | 0 ||| qw: Allow faded altars: false
     0 | D:1      | 0 ||| qw: Do Orc after clearing Dungeon:15 true
     0 | D:1      | 0 ||| qw: Do second Lair branch before Depths: true
     0 | D:1      | 0 ||| qw: Lair rune preference: random
     0 | D:1      | 0 ||| qw: Goals: Normal
     0 | D:1      | 0 ||| PLANNING D:1-11
    63 | D:1      | Reached skill level 6 in Ranged Weapons
    63 | D:1      | Reached XP level 2. HP: 8/16 MP: 4/4
   231 | D:1      | Found a faded altar of an unknown god.
   642 | D:1      | Reached XP level 3. HP: 20/20 MP: 5/5
  1291 | D:1      | 1291 ||| READING scroll labelled GAXODGH RYLYPT.
  1294 | D:1      | 1294 ||| READING scroll labelled BAAKLO MUSMAK.
  1295 | D:1      | 1295 ||| READING 2 scrolls labelled CUDU CYLARYOC.
  1295 | D:1      | 1295 ||| IDENTIFYING 4 red potions
  1296 | D:1      | 1296 ||| DROPPING scroll of butterflies.
  1449 | D:2      | Reached skill level 7 in Ranged Weapons
  1487 | D:2      | 1487 ||| FLEEEEING.
  1847 | D:2      | Reached XP level 4. HP: 25/25 MP: 6/6
  2257 | D:2      | 2257 ||| READING 2 scrolls of identify.
  2257 | D:2      | 2257 ||| IDENTIFYING 2 orange potions
  2258 | D:2      | 2258 ||| READING scroll of identify.
  2258 | D:2      | 2258 ||| IDENTIFYING scroll labelled YCEF QUZ RIDEO
  2259 | D:2      | 2259 ||| DROPPING 2 potions of attraction.
  2260 | D:2      | 2260 ||| DROPPING scroll of revelation.
  2293 | D:3      | Found Lazan's General Store.
  2301 | D:3      | Reached skill level 8 in Ranged Weapons
  2321 | D:3      | 2321 ||| BUYING +0 helmet (49 gold).
  2321 | D:3      | Bought a +0 helmet for 49 gold pieces
  2321 | D:3      | 2321 ||| SHOPLISTING 2 potions of enlightenment (110 gold,
                  | have 54).
  2321 | D:3      | 2321 ||| SHOPLISTING 2 potions of resistance (220 gold,
                  | have 54).
  2345 | D:3      | Found a glowing silver altar of Zin.
  2345 | D:3      | Found an ancient bone altar of Kikubaaqudgha.
  2630 | D:3      | Reached XP level 5. HP: 29/29 MP: 7/7
  2768 | D:3      | 2768 ||| UPGRADING to +0 helmet.
  2773 | D:3      | 2773 ||| UPGRADING to +6 ring of strength.
  2774 | D:3      | 2774 ||| DRINKING 2 fizzy sapphire potions.
  2794 | D:4      | 2794 ||| PLANNING SEWER
  2857 | D:4      | HP: 1/29 [kobold brigand/+0 dagger (8)]
  2858 | D:4      | 2858 ||| READING scroll of teleportation.
  2858 | D:4      | Slain by a kobold brigand

Levels and vault maps discovered:
D:1:      amcnicky_arrival_choice, layout_basic,
          ebering_ecumenical_altar_petrified, chequers_serial_rivers_room_a
D:2:      layout_basic, nicolae_titane
D:3:      layout_basic, gammafunk_temple_overflow_wave, serial_shops,
          nicolae_shop_gibbet_a_chance
D:4:      layout_basic, portal_sewer_entry_a, lexackson_kobold_supper,
          uniq_sigmund

Skill      XL: |  1  2  3  4 |
---------------+-------------+-----
Ranged Weapons | 6 7 8 |  8.4
Fighting       | |  1.5
Dodging        | |  2.5
Stealth        | |  1.2

Action                     |  1- 3 |  4- 6 || total
---------------------------+-------+-------++-------
   Fire: Shortbow          |   168 |    81 ||   249
    Use: Scroll            |     3 |     3 ||     6
         Potion            |       |     1 ||     1
 Armour: Leather armour    |    36 |    19 ||    55
  Dodge: Dodged            |    27 |    14 ||    41

Table legend:
 A = Non-vault XP
 B = Vault XP
 C = Vault XP percentage of total XP
 D = Non-vault monster count
 E = Vault monster count
 F = Vault count percentage of total count
                 A         B        C        D         E       F
            +---------+---------+-------+---------+---------+-------
      Total |     207 |       7 |   3.3 |      71 |       4 |   5.3
            +---------+---------+-------+---------+---------+-------
        D:1 |      52 |       0 |   0.0 |      29 |       0 |   0.0
        D:2 |      59 |       0 |   0.0 |      25 |       0 |   0.0
        D:3 |      94 |       0 |   0.0 |      16 |       0 |   0.0
        D:4 |       2 |       7 |  77.8 |       1 |       4 |  80.0
            +---------+---------+-------+---------+---------+-------
